Map: Breakwater LE

Players

NOOBSLAYER

  • Race: Terran Terran
  • League: Diamond
  • Spawn Location: 1:00

jerrox

  • Race: Protoss Protoss
  • Spawn Location: 1:00

TTY - Winner!

  • Race: Terran Terran
  • League: Master
  • Spawn Location: 7:00

tatchka - Winner!

  • Race: Zerg Zerg
  • League: Platinum
  • Spawn Location: 7:00

VOD

Have the link to the VOD?

Description

Time

  • Played on: Oct. 27, 2025, 3:02 p.m.
  • Length: 11:42
Show
View Real Time Build Order
Export as new Build Order

NOOBSLAYER Terran 

Build Orders:  

Get SALT Encoding   

  12  0:01  SCV  
  13  0:13  SCV  
  14  0:23  Supply Depot  
  10  1:27  Barracks  
  10  1:49  SCV  
  10  1:50  Barracks  
  11  2:07  SCV  
  12  2:15  Supply Depot  
  12  2:30  SCV  
  13  2:37  Marine, Refinery  
  13  2:42  Bunker, SCV  
  15  2:55  Marine  
  16  3:02  SCV  
  17  3:13  Marine  
  17  3:17  SCV  
  17  3:19  Bunker  
  19  3:29  SCV  
  19  3:31  Marine  
  21  3:45  Bunker  
  21  3:49  Marine  
  21  3:52  SCV  
  23  4:14  Engineering Bay  
  23  4:17  SCV  
  23  4:22  Marine  
  9  5:06  Supply Depot  
  2  5:37  Supply Depot  
Show
View Real Time Build Order
Export as new Build Order

jerrox Protoss 

Build Orders:  

Get SALT Encoding   

  12  0:02  Probe  
  13  0:36  Probe  
  14  0:48  Probe  
  15  1:04  Probe  
  15  1:27  Pylon  
  15  1:45  Probe  
  16  1:56  Gateway  
  16  1:57  Probe  
  17  2:05  Assimilator, Probe  
  17  2:13  Probe  
  19  2:23  Assimilator, Probe  
  20  2:34  Pylon  
  20  2:40  Gateway  
  20  2:50  Cybernetics Core  
  20  2:53  Probe  
  21  3:05  Probe  
  22  3:18  Probe  
  23  3:23  Stalker  
  25  3:28  Stargate  
  25  3:33  Forge  
  25  4:05  Void Ray  
  25  4:07  Photon Cannon  
  25  4:09  Pylon  
  25  4:11  Stalker  
  31  4:20  Pylon  
  31  4:41  Void Ray  
  35  5:02  Stalker  
  38  6:04  Shield Battery, Void Ray  
  38  6:11  Probe  
  39  6:23  Probe  
  40  6:39  Probe  
  41  6:41  Void Ray  
  45  6:51  Probe  
  46  7:05  Pylon  
  46  7:20  Stalker  
  46  7:26  Photon Cannon  
  46  7:29  Void Ray  
  52  7:31  Pylon  
  52  7:32  Stargate  
  52  7:39  Stargate  
  52  7:42  Photon Cannon  
  52  7:45  Photon Cannon  
  52  7:47  Photon Cannon  
  52  7:51  Photon Cannon  
  52  7:53  Photon Cannon  
  37  8:28  Pylon  
  5  9:15  Pylon  
  5  9:25  Nexus  
  1  9:33  Pylon  
  1  10:37  Probe  
  2  10:49  Probe  
  2  11:15  Probe  
Show
View Real Time Build Order
Export as new Build Order

TTY Terran - Winner!

Build Orders:  

Get SALT Encoding   

  12  0:02  SCV  
  13  0:14  SCV  
  13  0:18  Supply Depot  
  14  0:26  SCV  
  15  0:28  Refinery  
  15  0:43  Barracks  
  15  0:54  SCV  
  16  1:15  SCV  
  17  1:27  SCV  
  17  1:30  Refinery  
  17  1:32  Barracks Tech Lab  
  18  1:39  SCV  
  19  1:52  SCV, Factory  
  20  1:57  Marauder  
  22  2:04  SCV  
  23  2:09  Supply Depot  
  23  2:29  Orbital Command  
  23  2:31  Reaper  
  24  2:41  Command Center  
  24  2:50  Starport  
  24  3:18  Cyclone  
  27  3:21  SCV  
  27  3:26  Supply Depot  
  28  3:27  Barracks Reactor  
  28  3:33  SCV  
  29  3:45  SCV  
  29  3:48  Starport  
  30  3:58  SCV  
  31  4:10  SCV  
  31  4:11  Siege Tank  
  35  4:17  Engineering Bay  
  35  4:22  SCV  
  36  4:34  SCV  
  37  4:46  SCV  
  38  4:53  Armory  
  38  4:58  SCV  
  39  5:10  SCV  
  40  5:22  SCV x2  
  42  5:33  Siege Tank  
  42  5:34  Viking x2, SCV x2  
  42  5:35  Viking  
  53  5:46  SCV  
  54  6:07  Refinery  
  54  6:49  Command Center  
  54  6:57  Supply Depot x2  
  54  6:58  Supply Depot  
  54  7:00  Terran Ship Weapons Level 1  
  54  7:11  Refinery  
  54  7:12  Supply Depot  
  54  7:18  Viking x3, SCV x2  
  62  7:30  SCV x2  
  62  7:36  Thor  
  70  7:43  SCV x2  
  72  7:48  Viking x3  
  78  7:55  SCV x2  
  77  8:07  SCV x2  
  79  8:18  Viking x2  
  74  8:36  SCV x2  
  76  8:48  SCV  
  74  8:56  SCV x2  
  74  8:59  Refinery  
  74  9:00  SCV  
  77  9:04  Viking  
  77  9:05  Viking  
  77  9:07  Barracks Reactor  
  77  9:08  SCV x2  
  85  9:10  Starport Reactor  
  85  9:12  SCV  
  86  9:17  Thor  
  86  9:23  Factory  
  90  9:25  Orbital Command  
  90  9:30  SCV x2  
  92  9:34  Viking  
  92  9:35  Supply Depot  
  94  9:42  SCV x2  
  96  9:53  Refinery  
  96  9:54  SCV  
  96  9:56  Planetary Fortress  
  97  10:00  Thor  
  97  10:02  Command Center  
  103  11:02  SCV x2  
  103  11:03  SCV  
  106  11:14  SCV x2  
  106  11:15  SCV  
Show
View Real Time Build Order
Export as new Build Order

tatchka Zerg - Winner!

Build Orders: Hatch First 

Get SALT Encoding   

  12  0:10  Drone  
  12  0:11  Extractor  
  12  0:13  Drone  
  13  0:17  Extractor  
  13  0:19  Drone  
  15  0:49  Hatchery  
  14  0:56  Spawning Pool  
  13  0:59  Drone  
  14  1:07  Extractor, Drone  
  14  1:08  Extractor, Drone  
  16  1:14  Overlord  
  16  1:45  Queen  
  18  1:50  Hatchery  
  17  1:56  Drone  
  17  1:57  Drone  
  17  1:58  Drone  
  20  2:02  Drone  
  20  2:07  Drone  
  22  2:12  Extractor x2  
  20  2:17  Drone  
  20  2:20  Drone  
  22  2:24  Queen  
  24  2:34  Roach Warren  
  23  2:38  Drone  
  23  2:41  Drone  
  23  2:44  Drone  
  26  2:57  Drone  
  26  2:58  Drone  
  28  2:59  Overlord  
  28  3:24  Roach x2  
  28  3:25  Roach x4  
  40  3:33  Roach  
  42  3:47  Lair  
  42  4:01  Overlord x2  
  42  4:19  Queen  
  40  4:59  Drone  
  39  5:00  Drone x16  
  39  5:03  Spore Crawler  
  39  5:05  Queen  
  56  5:18  Spore Crawler  
  55  5:32  Roach  
  55  5:35  Overlord x4  
  57  5:44  Extractor  
  57  5:45  Drone x2  
  58  5:53  Drone  
  59  6:07  Extractor  
  58  6:28  Infestation Pit  
  57  6:33  Evolution Chamber  
  57  6:34  Evolution Chamber  
  57  6:36  Roach  
  57  6:37  Roach x15  
  87  6:40  Ravager x3  
  87  6:43  Overlord  
  90  7:05  Ravager  
  90  7:08  Ravager  
  92  7:10  Ravager x4  
  92  7:11  Ravager  
  92  7:15  Hatchery  
  96  7:37  Drone x2  
  96  7:38  Overlord  
  96  7:39  Overlord x4  
  96  7:40  Overlord x2  
  96  7:43  Zerg Missile Weapons Level 1, Zerg Ground Armor Level 1  
  98  7:52  Hive  
  88  8:54  Spire  
  87  8:55  Hydralisk Den  
  83  9:05  Drone x5  
  83  9:06  Drone x10  
  83  9:07  Drone x11  
  83  9:09  Overlord x3, Extractor  
  105  9:10  Overlord  
  105  9:14  Extractor  
  100  10:06  Mutalisk x6  
  100  10:07  Mutalisk x6  
  124  10:21  Muscular Augments  
  124  11:01  Overseer  
  124  11:05  Mutalisk x4  
Tags
 
Add a new tag
Caveats
  • Supply blocks, unpowered buildings, or Contaminate may cause inaccurate times.
  • Supply counts are checked every 10 seconds.